Diables vs Carnivores (R1)

Created - 9 mai 2016 at 19:00

Goals
1 2 3 T
Diables 0 1 0 1
Carnivores 0 1 4 5
Shots
1 2 3 T
Diables 3 14 12 29
Carnivores 8 7 17 32

1st period

No Goal

Penalties :
Brandon Prust (Alm) for High sticking (Minor) at 5:16, Lukas Krajicek (Alm) for Interference (Minor) at 9:57, Pavel Valentenko (Alm) for Elbowing (Minor) at 16:01

2nd period

1. Diables , Brad Richardson 2 (Lukas Krajicek, Tyler Bozak) at 0:08
2. Carnivores , Ryan Keller 1 (John Moore, Andy Miele) at 15:57 (PP)

Penalties :
Bryan Berard (Bre) for Roughing (Minor) at 0:11, Lane MacDermid (Bre) for Roughing (Minor) at 7:05, Taylor Beck (Alm) for Hooking (Minor) at 15:33, Mikael Granlund (Bre) for Fighting (Major) at 16:17, Brad Richardson (Alm) for Fighting (Major) at 16:17, Brad Richardson (Alm) for instigated a fight (Minor) at 16:17, Brad Richardson (Alm) for instigated a fight (10 Minutes Misconduct) at 16:17

3rd period

3. Carnivores , Jeremy Williams 1 (Anton Gustafsson, Ryan Keller) at 1:11
4. Carnivores , Jeremy Welsh 1 (Andy Miele, Ryan Keller) at 5:12
5. Carnivores , Andy Miele 1 (Sasha Pokulok) at 10:23
6. Carnivores , Ryan Keller 2 (Andy Miele) at 19:11 (PP)

Penalties :
Taylor Beck (Alm) for Slashing (Minor) at 6:44, Brad Richardson (Alm) for Cross-checking (Minor) at 11:46, Tyler Cuma (Alm) for Kneeing (Minor) at 17:15

Goalie Stats

Frederik Andersen (Alm), 27 saves from 32 shots - (0,844), L, 3-1-0, 60:00 minutes
Antti Raanta (Bre), 28 saves from 29 shots - (0,966), W, 1-0-0, 60:00 minutes

Players Stats for Diables

Player Name              G  A  P  +/- PIM S  H  SB GA TA FO     MP     PP MP  PK MP  
------------------------------------------------------------------------------------
Brad Richardson          1  0  1   1  19  3  3  0  1  0  6/8    16:30   2:26   4:38 
Brandon Prust            0  0  0   0  2   1  1  0  1  0  1/2    22:20   2:16   6:57 
Craig Smith              0  0  0  -1  0   1  2  0  0  0  6/14   15:53   1:32   3:22 
Damien Brunner           0  0  0  -1  0   4  0  0  0  0  0/0    16:41   1:32   3:00 
Jared Cowen              0  0  0   0  0   2  0  3  0  2  0/0    29:07   2:27   9:17 
Kellan Lain              0  0  0  -1  0   1  3  0  0  0  0/3    18:40   1:32   5:59 
Kyle Chipchura           0  0  0  -1  0   0  0  0  0  0  1/2     7:50   0:00   0:00 
Lukas Krajicek           0  1  1   0  2   2  2  1  0  1  0/0    27:51   2:27   8:02 
Matt Jones               0  0  0  -1  0   2  1  1  0  1  0/0    21:09   1:31   4:57 
Pavel Valentenko         0  0  0  -1  2   2  0  0  0  0  0/0     9:47   0:00   0:00 
Pierre-Cédric Labrie     0  0  0   0  0   0  1  0  0  1  0/0     9:14   0:00   0:00 
Riley Sheahan            0  0  0   0  0   2  0  0  1  0  3/5     9:14   0:00   0:00 
Steve Quailer            0  0  0   0  0   3  1  0  0  0  0/0    12:16   0:10   0:00 
Taylor Beck              0  0  0  -1  4   1  0  1  0  1  0/0     8:34   0:00   0:33 
Tomas Kubalik            0  0  0  -2  0   3  2  0  0  0  1/6    13:16   0:00   3:59 
Tyler Bozak              0  1  1   0  0   1  0  0  0  0  8/24   14:48   2:26   0:00 
Tyler Cuma               0  0  0  -1  2   1  2  0  0  1  0/0    20:23   1:31   4:12 
Tyson Barrie             0  0  0  -1  0   0  1  0  0  0  0/0    12:05   0:00   2:00 

Players Stats for Carnivores

Player Name              G  A  P  +/- PIM S  H  SB GA TA FO     MP     PP MP  PK MP  
------------------------------------------------------------------------------------
Andy Miele               1  3  4   2  0   2  3  0  0  0  8/15   19:14   5:46   2:19 
Anton Gustafsson         0  1  1   1  0   1  4  0  0  0  5/9    11:03   0:00   0:00 
Blake Geoffrion          0  0  0  -1  0   3  0  0  2  0  2/2    20:58   8:16   0:00 
Bobby Sanguinetti        0  0  0   1  0   1  2  0  0  0  0/0    16:06   5:19   0:01 
Brendan Gallagher        0  0  0   0  0   2  1  0  1  0  0/0     6:40   0:00   0:00 
Bryan Berard             0  0  0   0  2   2  1  0  2  1  0/0    24:46   8:55   0:37 
Chris Butler             0  0  0   0  0   0  0  0  0  0  0/0     2:38   0:00   0:49 
Chris Lawrence           0  0  0  -1  0   2  2  1  0  0  2/2    23:46   8:20   2:19 
Jeremy Welsh             1  0  1   2  0   2  4  0  0  0  0/0    16:42   5:46   0:00 
Jeremy Williams          1  0  1   1  0   6  0  0  0  1  0/0    11:22   0:08   0:00 
Joffrey Lupul            0  0  0   1  0   1  3  0  1  0  0/0    11:13   0:00   0:10 
John Moore               0  1  1   0  0   2  1  2  0  0  0/0    28:31   8:55   2:31 
Lane MacDermid           0  0  0   0  2   0  1  0  0  0  0/0     7:46   0:12   0:34 
Mikael Granlund          0  0  0  -1  5   3  2  1  0  0  18/31  20:00   6:56   1:27 
Nate Schmidt             0  0  0   1  0   0  2  0  0  1  0/0    15:23   0:00   1:26 
Phil Oreskovic           0  0  0   1  0   0  3  2  1  0  0/0    20:25   5:19   0:01 
Ryan Keller              2  2  4   2  0   4  4  0  0  0  1/1    18:54   6:08   0:55 
Sasha Pokulok            0  1  1   1  0   0  1  0  0  0  0/0    12:16   0:00   2:31 
Zack Smith               0  0  0   0  0   1  2  0  0  0  2/4     8:16   1:10   0:12 

3 Stars

1 - Ryan Keller (Bre)
2 - Andy Miele (Bre)
3 - Jeremy Welsh (Bre)

Power Play

Diables - 0 on 2 Attempt(s) - 0,00%
Carnivores - 2 on 8 Attempt(s) - 25,00%

Penalty Kill

Diables - 6 on 8 Attempt(s) - 75,00% - Score 0 goal in Penalty Kill
Carnivores - 2 on 2 Attempt(s) - 100,00% - Score 0 goal in Penalty Kill

Team Stat

Diables - Hits : 19 - Faceoff Wins : 26 - Blocked Shots : 6 - Penalty Minutes : 31
Carnivores - Hits : 36 - Faceoff Wins : 38 - Blocked Shots : 6 - Penalty Minutes : 9

Official

Referees : Walkom Stephen and Watson Brad
Linesman : David Brisebois and Tony Sericolo

Game Notes

Mikael Granlund beats up Brad Richardson at 16:17 of 2nd period

Finance

Level 1 -- Attendance: 1731 (86,55%) -- Ticket Income 69 240 $
Level 2 -- Attendance: 779 (77,90%) -- Ticket Income 15 580 $
Total Attendance: 2510 (83,67%)
Total Ticket Income: 84 820 $
Other Income: 4 241 $
Total Income: 89 061 $

Diables

5 vs 5 Forward 
   Center                   Left Wing                Right Wing               Time % Phy DF OF 
 1 Tyler Bozak              Brandon Prust            Brad Richardson          40     1   2  2  
 2 Craig Smith              Kellan Lain              Damien Brunner           30     1   2  2  
 3 Riley Sheahan            Pierre-Cédric Labrie     Steve Quailer            20     1   2  2  
 4 Kyle Chipchura           Taylor Beck              Tomas Kubalik            10     1   2  2  

5 vs 5 Defense 
   Defense                  Defense                                           Time % Phy DF OF 
 1 Jared Cowen              Lukas Krajicek                                    40     1   2  2  
 2 Matt Jones               Tyler Cuma                                        30     1   2  2  
 3 Pavel Valentenko         Tyson Barrie                                      20     1   2  2  
 4 Jared Cowen              Lukas Krajicek                                    10     1   2  2  

PowerPlay Forward 
   Center                   Left Wing                Right Wing               Time % Phy DF OF 
 1 Tyler Bozak              Brandon Prust            Brad Richardson          60     1   2  2  
 2 Craig Smith              Kellan Lain              Damien Brunner           40     1   2  2  

PowerPlay Defense
   Defense                  Defense                                           Time % Phy DF OF 
 1 Jared Cowen              Lukas Krajicek                                    60     1   2  2  
 2 Matt Jones               Tyler Cuma                                        40     1   2  2  

Penalty Kill 4 Players Forward 
   Center                   Wing                     Time % Phy DF OF 
 1 Brad Richardson          Brandon Prust            60     1   2  2  
 2 Kellan Lain              Damien Brunner           40     1   2  2  

Penalty Kill 4 Players Defense
   Defense                  Defense                  Time % Phy DF OF 
 1 Jared Cowen              Lukas Krajicek           60     1   2  2  
 2 Matt Jones               Tyler Cuma               40     1   2  2  

Penalty Kill - 3 Players Forward 
   Forward                                           Time % Phy DF OF 
 1 Brad Richardson                                   60     1   2  2  
 2 Brandon Prust                                     40     1   2  2  

Penalty Kill - 3 Players Defense
   Defense                  Defense                  Time % Phy DF OF 
 1 Jared Cowen              Lukas Krajicek           60     1   2  2  
 2 Matt Jones               Tyler Cuma               40     1   2  2  

4 vs 4 Forward 
   Center                   Wing                     Time % Phy DF OF 
 1 Brad Richardson          Brandon Prust            60     1   2  2  
 2 Kellan Lain              Damien Brunner           40     1   2  2  

4 vs 4 Defense
   Defense                  Defense                  Time % Phy DF OF 
 1 Jared Cowen              Lukas Krajicek           60     1   2  2  
 2 Matt Jones               Tyler Cuma               40     1   2  2  

Last Minutes Offensive
   Center                   Left Wing                Right Wing               Defense                  Defense                  
   Tyler Bozak              Brandon Prust            Brad Richardson          Jared Cowen              Lukas Krajicek           

Last Minutes Defensive
   Center                   Left Wing                Right Wing               Defense                  Defense                  
   Tyler Bozak              Brandon Prust            Brad Richardson          Jared Cowen              Lukas Krajicek           

Goaltenders
Starting : Frederik Andersen        
Backup : Marek Mazanek            

Extra Forwards
Normal : Steve Quailer, Pierre-Cédric Labrie, Tomas Kubalik - PP : Steve Quailer, Pierre-Cédric Labrie - PK : Tomas Kubalik
Extra Defensemen
Normal : Pavel Valentenko, Tyson Barrie, Matt Jones - PP : Pavel Valentenko - PK : Tyson Barrie, Matt Jones
Penalty Shots
Brad Richardson, Brandon Prust, Kellan Lain, Damien Brunner, Tyler Bozak

Carnivores

5 vs 5 Forward 
   Center                   Left Wing                Right Wing               Time % Phy DF OF 
 1 Mikael Granlund          Blake Geoffrion          Chris Lawrence           40     1   2  2  
 2 Andy Miele               Jeremy Welsh             Ryan Keller              30     1   2  2  
 3 Anton Gustafsson         Joffrey Lupul            Jeremy Williams          20     1   2  2  
 4 Zack Smith               Lane MacDermid           Brendan Gallagher        10     1   2  2  

5 vs 5 Defense 
   Defense                  Defense                                           Time % Phy DF OF 
 1 Bryan Berard             John Moore                                        40     1   2  2  
 2 Phil Oreskovic           Nate Schmidt                                      30     1   2  2  
 3 Bobby Sanguinetti        Sasha Pokulok                                     20     1   2  2  
 4 Chris Butler             John Moore                                        10     1   2  2  

PowerPlay Forward 
   Center                   Left Wing                Right Wing               Time % Phy DF OF 
 1 Mikael Granlund          Blake Geoffrion          Chris Lawrence           60     1   1  3  
 2 Andy Miele               Jeremy Welsh             Ryan Keller              40     1   1  3  

PowerPlay Defense
   Defense                  Defense                                           Time % Phy DF OF 
 1 John Moore               Bryan Berard                                      60     1   2  2  
 2 Phil Oreskovic           Bobby Sanguinetti                                 40     1   2  2  

Penalty Kill 4 Players Forward 
   Center                   Wing                     Time % Phy DF OF 
 1 Andy Miele               Chris Lawrence           60     1   2  2  
 2 Mikael Granlund          Ryan Keller              40     1   2  2  

Penalty Kill 4 Players Defense
   Defense                  Defense                  Time % Phy DF OF 
 1 Sasha Pokulok            John Moore               60     1   3  1  
 2 Bryan Berard             Nate Schmidt             40     1   3  1  

Penalty Kill - 3 Players Forward 
   Forward                                           Time % Phy DF OF 
 1 Andy Miele                                        60     1   3  1  
 2 Mikael Granlund                                   40     1   3  1  

Penalty Kill - 3 Players Defense
   Defense                  Defense                  Time % Phy DF OF 
 1 Sasha Pokulok            John Moore               60     1   3  1  
 2 Bryan Berard             Nate Schmidt             40     1   3  1  

4 vs 4 Forward 
   Center                   Wing                     Time % Phy DF OF 
 1 Andy Miele               Chris Lawrence           60     1   2  2  
 2 Mikael Granlund          Ryan Keller              40     1   2  2  

4 vs 4 Defense
   Defense                  Defense                  Time % Phy DF OF 
 1 Bryan Berard             John Moore               60     1   2  2  
 2 Bobby Sanguinetti        Phil Oreskovic           40     1   2  2  

Last Minutes Offensive
   Center                   Left Wing                Right Wing               Defense                  Defense                  
   Andy Miele               Blake Geoffrion          Chris Lawrence           Phil Oreskovic           John Moore               

Last Minutes Defensive
   Center                   Left Wing                Right Wing               Defense                  Defense                  
   Andy Miele               Blake Geoffrion          Chris Lawrence           Sasha Pokulok            John Moore               

Goaltenders
Starting : Antti Raanta             
Backup : Steve Mason              

Extra Forwards
Normal : Ryan Keller, Chris Lawrence, Brendan Gallagher - PP : Ryan Keller, Mikael Granlund - PK : Chris Lawrence
Extra Defensemen
Normal : Phil Oreskovic, Nate Schmidt, Bryan Berard - PP : Bobby Sanguinetti - PK : Nate Schmidt, Bryan Berard
Penalty Shots
Mikael Granlund, Brendan Gallagher, Ryan Keller, Andy Miele, Blake Geoffrion

% Time on Ice - Diables

Lines # - Real PCT - Wanted PCT - Time Play
Normal Forward
1 - 31% - 40% - 13:09
2 - 28% - 30% - 11:35
3 - 22% - 20% - 9:14
4 - 19% - 10% - 7:50
Normal Defense
1 - 40% - 40% - 16:55
2 - 35% - 30% - 14:41
3 - 23% - 20% - 9:44
4 - 1% - 10% - 0:28
PP Forward
1 - 61% - 60% - 2:26
2 - 39% - 40% - 1:32
PP Defense
1 - 62% - 60% - 2:27
2 - 38% - 40% - 1:31
PK Forward
1 - 79% - 60% - 11:14
2 - 21% - 40% - 3:00
PK Defense
1 - 65% - 60% - 9:17
2 - 35% - 40% - 4:57
PK3 Forward
1 - 0% - 60%
2 - 0% - 40%
PK3 Defense
1 - 0% - 60%
2 - 0% - 40%
44 Forward
1 - 0% - 60%
2 - 0% - 40%
44 Defense
1 - 0% - 60%
2 - 0% - 40%
Last Minute Offensive  - 0:00
Last Minute Defensive  - 0:00
Total
Forward - 60:00
Defense - 60:00

% Time on Ice - Carnivores

Lines # - Real PCT - Wanted PCT - Time Play
Normal Forward
1 - 32% - 40% - 13:18
2 - 26% - 30% - 10:56
3 - 26% - 20% - 11:03
4 - 16% - 10% - 6:31
Normal Defense
1 - 37% - 40% - 15:16
2 - 36% - 30% - 15:05
3 - 23% - 20% - 9:38
4 - 4% - 10% - 1:49
PP Forward
1 - 59% - 60% - 8:28
2 - 41% - 40% - 5:46
PP Defense
1 - 63% - 60% - 8:55
2 - 37% - 40% - 5:19
PK Forward
1 - 77% - 60% - 3:03
2 - 23% - 40% - 0:55
PK Defense
1 - 63% - 60% - 2:31
2 - 37% - 40% - 1:27
PK3 Forward
1 - 0% - 60%
2 - 0% - 40%
PK3 Defense
1 - 0% - 60%
2 - 0% - 40%
44 Forward
1 - 0% - 60%
2 - 0% - 40%
44 Defense
1 - 0% - 60%
2 - 0% - 40%
Last Minute Offensive  - 0:00
Last Minute Defensive  - 0:00
Total
Forward - 60:00
Defense - 60:00

Play by Play

1st period


0:01 of 1st period - Mikael Granlund wins face-off versus Tyler Bozak in neutral zone.
0:38 of 1st period - Jeremy Welsh is hit by Craig Smith and loses puck.
0:53 of 1st period - Tyler Cuma is hit by Joffrey Lupul and loses puck.
1:10 of 1st period - Pavel Valentenko is hit by Nate Schmidt and loses puck.
2:58 of 1st period - Slapshot by Bryan Berard.
2:58 of 1st period - Stopped by Frederik Andersen with a rebound.
3:17 of 1st period - Icing by Jeremy Williams.
3:18 of 1st period - Anton Gustafsson wins face-off versus Tyler Bozak in Carnivores zone.
3:25 of 1st period - John Moore is hit by Brandon Prust and loses puck.
3:31 of 1st period - Off-side.
3:32 of 1st period - Mikael Granlund wins face-off versus Brandon Prust in neutral zone.
3:35 of 1st period - Lukas Krajicek is hit by Mikael Granlund and loses puck.
3:46 of 1st period - Snap shot by Tyler Bozak.
3:46 of 1st period - Shot Misses the Net.
3:48 of 1st period - Slapshot by Lukas Krajicek.
3:48 of 1st period - Deflect By Phil Oreskovic.
3:48 of 1st period - Stopped by Antti Raanta with a rebound.
3:58 of 1st period - Damien Brunner is hit by Andy Miele and loses puck.
4:27 of 1st period - Wrist shot by Jeremy Williams.
4:27 of 1st period - Stopped by Frederik Andersen with a rebound.
5:16 of 1st period - Minor Penalty to Brandon Prust for High sticking.
5:17 of 1st period - Mikael Granlund wins face-off versus Brad Richardson in Diables zone.
5:18 of 1st period - Snap shot by Blake Geoffrion.
5:18 of 1st period - Stopped by Frederik Andersen without a rebound.
5:19 of 1st period - Brad Richardson wins face-off versus Mikael Granlund in Diables zone.
5:44 of 1st period - Jared Cowen is hit by Jeremy Welsh and loses puck.
6:05 of 1st period - Phil Oreskovic is hit by Kellan Lain.
7:16 of 1st period - Penalty to Brandon Prust is over, Brandon Prust is back on ice.
7:22 of 1st period - Slapshot by Brandon Prust.
7:22 of 1st period - Shot Misses the Net.
7:27 of 1st period - Off-side.
7:28 of 1st period - Anton Gustafsson wins face-off versus Riley Sheahan in neutral zone.
7:35 of 1st period - Wrist shot by Anton Gustafsson.
7:35 of 1st period - Stopped by Frederik Andersen with a rebound.
7:54 of 1st period - Craig Smith is hit by Brendan Gallagher and loses puck.
8:26 of 1st period - Snap shot by Tomas Kubalik.
8:26 of 1st period - Shot Misses the Net.
9:05 of 1st period - Wrist shot by Brandon Prust.
9:05 of 1st period - Deflect By Brad Richardson.
9:05 of 1st period - Stopped by Antti Raanta without a rebound.
9:06 of 1st period - Andy Miele wins face-off versus Kellan Lain in Carnivores zone.
9:35 of 1st period - Off-side.
9:36 of 1st period - Tyler Bozak wins face-off versus Mikael Granlund in neutral zone.
9:57 of 1st period - Minor Penalty to Lukas Krajicek for Interference.
9:58 of 1st period - Brad Richardson wins face-off versus Mikael Granlund in Diables zone.
10:32 of 1st period - Wrist shot by Andy Miele.
10:32 of 1st period - Shot Misses the Net.
10:34 of 1st period - Slapshot by Phil Oreskovic.
10:34 of 1st period - Shot Blocked by Jared Cowen.
11:42 of 1st period - John Moore is hit by Brad Richardson.
11:57 of 1st period - Penalty to Lukas Krajicek is over, Lukas Krajicek is back on ice.
12:17 of 1st period - Snap shot by Jeremy Williams.
12:17 of 1st period - Stopped by Frederik Andersen without a rebound.
12:18 of 1st period - Riley Sheahan wins face-off versus Anton Gustafsson in Diables zone.
12:27 of 1st period - Snap shot by Riley Sheahan.
12:27 of 1st period - Stopped by Antti Raanta without a rebound.
12:28 of 1st period - Andy Miele wins face-off versus Riley Sheahan in Carnivores zone.
12:41 of 1st period - Slapshot by Matt Jones.
12:41 of 1st period - Deflect By Steve Quailer.
12:41 of 1st period - Shot Misses the Net.
12:41 of 1st period - Puck is out of play.
12:42 of 1st period - Blake Geoffrion wins face-off versus Tyler Bozak in Carnivores zone.
13:07 of 1st period - Andy Miele is hit by Kellan Lain and loses puck.
13:34 of 1st period - Snap shot by Joffrey Lupul.
13:34 of 1st period - Stopped by Frederik Andersen without a rebound.
13:35 of 1st period - Anton Gustafsson wins face-off versus Tyler Bozak in Diables zone.
14:20 of 1st period - Wrist shot by Ryan Keller.
14:20 of 1st period - Shot Blocked by Matt Jones.
14:26 of 1st period - Bobby Sanguinetti is hit by Tyler Cuma and loses puck.
14:50 of 1st period - Slapshot by Brendan Gallagher.
14:50 of 1st period - Shot Misses the Net.
14:59 of 1st period - Icing by Bryan Berard.
15:00 of 1st period - Anton Gustafsson wins face-off versus Tyler Bozak in Carnivores zone.
15:33 of 1st period - Snap shot by Mikael Granlund.
15:33 of 1st period - Stopped by Frederik Andersen with a rebound.
15:35 of 1st period - Slapshot by John Moore.
15:35 of 1st period - Deflect By Damien Brunner.
15:35 of 1st period - Stopped by Frederik Andersen with a rebound.
16:01 of 1st period - Minor Penalty to Pavel Valentenko for Elbowing.
16:02 of 1st period - Brad Richardson wins face-off versus Mikael Granlund in Diables zone.
16:27 of 1st period - Brad Richardson is hit by Ryan Keller.
16:39 of 1st period - Damien Brunner is hit by Andy Miele and loses puck.
17:01 of 1st period - Kellan Lain is hit by Bobby Sanguinetti and loses puck.
17:16 of 1st period - Brandon Prust is hit by Phil Oreskovic.
17:36 of 1st period - Lukas Krajicek is hit by Ryan Keller and loses puck.
18:01 of 1st period - Penalty to Pavel Valentenko is over, Pavel Valentenko is back on ice.
18:03 of 1st period - Jared Cowen is hit by Phil Oreskovic and loses puck.
18:45 of 1st period - Anton Gustafsson is hit by Tyson Barrie and loses puck.
19:18 of 1st period - Taylor Beck is hit by Zack Smith and loses puck.
19:55 of 1st period - Andy Miele is hit by Brad Richardson and loses puck.
Goals for this period are 0 for Diables vs 0 for Carnivores.
Shots for this period are 3 for Diables vs 8 for Carnivores.

2nd period


0:01 of 2nd period - Tyler Bozak wins face-off versus Mikael Granlund in neutral zone.
0:06 of 2nd period - Slapshot by Brad Richardson.
0:06 of 2nd period - Shot Blocked by John Moore.
0:08 of 2nd period - Wrist shot by Brad Richardson.
0:08 of 2nd period - Goal by Brad Richardson - Diables : 1 - Carnivores : 0.
0:09 of 2nd period - Mikael Granlund wins face-off versus Tyler Bozak in neutral zone.
0:11 of 2nd period - Minor Penalty to Bryan Berard for Roughing.
0:12 of 2nd period - Andy Miele wins face-off versus Tyler Bozak in Carnivores zone.
0:38 of 2nd period - John Moore is hit by Lukas Krajicek and loses puck.
2:11 of 2nd period - Penalty to Bryan Berard is over, Bryan Berard is back on ice.
3:15 of 2nd period - Matt Jones is hit by Phil Oreskovic and loses puck.
3:37 of 2nd period - Ryan Keller is hit by Craig Smith and loses puck.
3:48 of 2nd period - Jared Cowen is hit by Chris Lawrence and loses puck.
4:07 of 2nd period - Kyle Chipchura is hit by Joffrey Lupul and loses puck.
4:32 of 2nd period - Damien Brunner is hit by Ryan Keller and loses puck.
5:13 of 2nd period - Tyler Cuma is hit by Nate Schmidt and loses puck.
5:24 of 2nd period - Sasha Pokulok is hit by Tomas Kubalik and loses puck.
5:55 of 2nd period - Slapshot by Craig Smith.
5:55 of 2nd period - Stopped by Antti Raanta without a rebound.
5:56 of 2nd period - Anton Gustafsson wins face-off versus Craig Smith in Carnivores zone.
6:03 of 2nd period - Wrist shot by Jeremy Williams.
6:03 of 2nd period - Stopped by Frederik Andersen with a rebound.
6:05 of 2nd period - Slapshot by Bryan Berard.
6:05 of 2nd period - Shot Misses the Net.
6:07 of 2nd period - Snap shot by Jeremy Williams.
6:07 of 2nd period - Deflect By Anton Gustafsson.
6:07 of 2nd period - Shot Blocked by Jared Cowen.
6:07 of 2nd period - Puck is out of play.
6:08 of 2nd period - Mikael Granlund wins face-off versus Tyler Bozak in Diables zone.
6:13 of 2nd period - Snap shot by Blake Geoffrion.
6:13 of 2nd period - Shot Blocked by Jared Cowen.
6:19 of 2nd period - John Moore is hit by Brad Richardson and loses puck.
6:42 of 2nd period - Pavel Valentenko is hit by Ryan Keller and loses puck.
6:55 of 2nd period - Snap shot by Brendan Gallagher.
6:55 of 2nd period - Deflect By Tyson Barrie.
6:55 of 2nd period - Stopped by Frederik Andersen without a rebound.
6:56 of 2nd period - Riley Sheahan wins face-off versus Zack Smith in Diables zone.
6:56 of 2nd period - Riley Sheahan is hit by Lane MacDermid.
7:05 of 2nd period - Minor Penalty to Lane MacDermid for Roughing.
7:06 of 2nd period - Tyler Bozak wins face-off versus Andy Miele in Carnivores zone.
7:08 of 2nd period - Slapshot by Brandon Prust.
7:08 of 2nd period - Stopped by Antti Raanta without a rebound.
7:09 of 2nd period - Tyler Bozak wins face-off versus Andy Miele in Carnivores zone.
7:14 of 2nd period - Wrist shot by Brandon Prust.
7:14 of 2nd period - Shot Misses the Net.
7:16 of 2nd period - Snap shot by Tyler Bozak.
7:16 of 2nd period - Shot Misses the Net.
7:18 of 2nd period - Slapshot by Brandon Prust.
7:18 of 2nd period - Deflect By Brad Richardson.
7:18 of 2nd period - Shot Misses the Net.
7:18 of 2nd period - Puck is out of play.
7:19 of 2nd period - Tyler Bozak wins face-off versus Andy Miele in Carnivores zone.
7:53 of 2nd period - Off-side.
7:54 of 2nd period - Craig Smith wins face-off versus Mikael Granlund in neutral zone.
7:59 of 2nd period - Snap shot by Damien Brunner.
7:59 of 2nd period - Stopped by Antti Raanta with a rebound.
8:06 of 2nd period - Wrist shot by Kellan Lain.
8:06 of 2nd period - Shot Misses the Net.
8:08 of 2nd period - Snap shot by Kellan Lain.
8:08 of 2nd period - Shot Hit the Post.
9:05 of 2nd period - Penalty to Lane MacDermid is over, Lane MacDermid is back on ice.
9:23 of 2nd period - Wrist shot by Jeremy Williams.
9:23 of 2nd period - Shot Misses the Net.
9:25 of 2nd period - Snap shot by Jeremy Williams.
9:25 of 2nd period - Stopped by Frederik Andersen with a rebound.
9:39 of 2nd period - Kyle Chipchura is hit by Zack Smith and loses puck.
9:50 of 2nd period - Wrist shot by Zack Smith.
9:50 of 2nd period - Stopped by Frederik Andersen without a rebound.
9:51 of 2nd period - Blake Geoffrion wins face-off versus Craig Smith in Diables zone.
10:03 of 2nd period - Mikael Granlund is hit by Kellan Lain and loses puck.
10:16 of 2nd period - Pierre-Cédric Labrie is hit by Anton Gustafsson.
10:44 of 2nd period - Slapshot by Jared Cowen.
10:44 of 2nd period - Deflect By Andy Miele.
10:44 of 2nd period - Stopped by Antti Raanta with a rebound.
10:46 of 2nd period - Wrist shot by Brandon Prust.
10:46 of 2nd period - Shot Misses the Net.
10:54 of 2nd period - Brad Richardson is hit by Jeremy Welsh and loses puck.
11:05 of 2nd period - Tyler Bozak is hit by Andy Miele and loses puck.
11:50 of 2nd period - Snap shot by Andy Miele.
11:50 of 2nd period - Shot Blocked by Lukas Krajicek.
12:20 of 2nd period - Snap shot by Ryan Keller.
12:20 of 2nd period - Stopped by Frederik Andersen without a rebound.
12:21 of 2nd period - Mikael Granlund wins face-off versus Craig Smith in Diables zone.
12:50 of 2nd period - Snap shot by Matt Jones.
12:50 of 2nd period - Shot Misses the Net.
12:52 of 2nd period - Slapshot by Tyler Cuma.
12:52 of 2nd period - Shot Misses the Net.
13:06 of 2nd period - Slapshot by Matt Jones.
13:06 of 2nd period - Stopped by Antti Raanta with a rebound.
13:24 of 2nd period - Tomas Kubalik is hit by Chris Lawrence and loses puck.
13:31 of 2nd period - Snap shot by Kyle Chipchura.
13:31 of 2nd period - Shot Misses the Net.
13:41 of 2nd period - Slapshot by Tomas Kubalik.
13:41 of 2nd period - Stopped by Antti Raanta without a rebound.
13:42 of 2nd period - Craig Smith wins face-off versus Anton Gustafsson in Carnivores zone.
14:09 of 2nd period - John Moore is hit by Steve Quailer.
14:26 of 2nd period - Tyson Barrie is hit by Sasha Pokulok and loses puck.
14:50 of 2nd period - John Moore is hit by Matt Jones and loses puck.
15:09 of 2nd period - Wrist shot by Zack Smith.
15:09 of 2nd period - Shot Blocked by Taylor Beck.
15:11 of 2nd period - Wrist shot by Zack Smith.
15:11 of 2nd period - Deflect By Tyler Cuma.
15:11 of 2nd period - Shot Misses the Net.
15:11 of 2nd period - Puck is out of play.
15:12 of 2nd period - Zack Smith wins face-off versus Kyle Chipchura in Diables zone.
15:15 of 2nd period - Snap shot by Brendan Gallagher.
15:15 of 2nd period - Stopped by Frederik Andersen with a rebound.
15:33 of 2nd period - Minor Penalty to Taylor Beck for Hooking.
15:34 of 2nd period - Brad Richardson wins face-off versus Mikael Granlund in Diables zone.
15:51 of 2nd period - Off-side.
15:52 of 2nd period - Andy Miele wins face-off versus Brad Richardson in neutral zone.
15:57 of 2nd period - Wrist shot by Ryan Keller.
15:57 of 2nd period - Goal by Ryan Keller - Diables : 1 - Carnivores : 1.
15:58 of 2nd period - Brad Richardson wins face-off versus Mikael Granlund in neutral zone.
16:00 of 2nd period - Off-side.
16:01 of 2nd period - Mikael Granlund wins face-off versus Tyler Bozak in neutral zone.
16:17 of 2nd period - Mikael Granlund beats up Brad Richardson.
16:17 of 2nd period - Penalty to Mikael Granlund for Fighting.
16:17 of 2nd period - Penalty to Brad Richardson for Fighting.
16:17 of 2nd period - Penalty to Brad Richardson for instigated a fight.
16:17 of 2nd period - Penalty to Brad Richardson for instigated a fight.
16:18 of 2nd period - Chris Lawrence wins face-off versus Tomas Kubalik in neutral zone.
16:45 of 2nd period - Craig Smith is hit by Jeremy Welsh and loses puck.
16:57 of 2nd period - Off-side.
16:58 of 2nd period - Tomas Kubalik wins face-off versus Zack Smith in neutral zone.
17:01 of 2nd period - Snap shot by Tyler Cuma.
17:01 of 2nd period - Stopped by Antti Raanta with a rebound.
18:17 of 2nd period - Penalty to Brad Richardson is over, Damien Brunner is send on ice.
18:29 of 2nd period - Bobby Sanguinetti is hit by Lukas Krajicek and loses puck.
18:46 of 2nd period - Snap shot by Damien Brunner.
18:46 of 2nd period - Stopped by Antti Raanta with a rebound.
18:48 of 2nd period - Slapshot by Jared Cowen.
18:48 of 2nd period - Stopped by Antti Raanta with a rebound.
18:50 of 2nd period - Snap shot by Damien Brunner.
18:50 of 2nd period - Deflect By Tomas Kubalik.
18:50 of 2nd period - Shot Misses the Net.
18:50 of 2nd period - Puck is out of play.
18:51 of 2nd period - Riley Sheahan wins face-off versus Andy Miele in Carnivores zone.
18:54 of 2nd period - Slapshot by Steve Quailer.
18:54 of 2nd period - Shot Misses the Net.
18:56 of 2nd period - Wrist shot by Steve Quailer.
18:56 of 2nd period - Shot Misses the Net.
18:58 of 2nd period - Slapshot by Matt Jones.
18:58 of 2nd period - Shot Misses the Net.
19:00 of 2nd period - Snap shot by Steve Quailer.
19:00 of 2nd period - Deflect By Andy Miele.
19:00 of 2nd period - Stopped by Antti Raanta with a rebound.
19:16 of 2nd period - Riley Sheahan is hit by John Moore and loses puck.
19:23 of 2nd period - Wrist shot by Pierre-Cédric Labrie.
19:23 of 2nd period - Shot Misses the Net.
19:25 of 2nd period - Slapshot by Pavel Valentenko.
19:25 of 2nd period - Stopped by Antti Raanta with a rebound.
19:27 of 2nd period - Slapshot by Pierre-Cédric Labrie.
19:27 of 2nd period - Shot Blocked by John Moore.
19:33 of 2nd period - Snap shot by Pierre-Cédric Labrie.
19:33 of 2nd period - Shot Misses the Net.
19:35 of 2nd period - Snap shot by Steve Quailer.
19:35 of 2nd period - Stopped by Antti Raanta with a rebound.
19:37 of 2nd period - Snap shot by Riley Sheahan.
19:37 of 2nd period - Stopped by Antti Raanta without a rebound.
19:38 of 2nd period - Andy Miele wins face-off versus Craig Smith in Carnivores zone.
Goals for this period are 1 for Diables vs 1 for Carnivores.
Shots for this period are 14 for Diables vs 7 for Carnivores.

3rd period


0:01 of 3rd period - Ryan Keller wins face-off versus Tyler Bozak in neutral zone.
0:12 of 3rd period - Snap shot by Blake Geoffrion.
0:12 of 3rd period - Shot Misses the Net.
0:34 of 3rd period - Slapshot by Tomas Kubalik.
0:34 of 3rd period - Stopped by Antti Raanta with a rebound.
1:09 of 3rd period - Snap shot by Jeremy Williams.
1:09 of 3rd period - Shot Misses the Net.
1:11 of 3rd period - Snap shot by Jeremy Williams.
1:11 of 3rd period - Goal by Jeremy Williams - Diables : 1 - Carnivores : 2.
1:12 of 3rd period - Tyler Bozak wins face-off versus Anton Gustafsson in neutral zone.
1:23 of 3rd period - Wrist shot by Jeremy Williams.
1:23 of 3rd period - Shot Misses the Net.
2:13 of 3rd period - Slapshot by Tomas Kubalik.
2:13 of 3rd period - Shot Misses the Net.
2:46 of 3rd period - Tyler Cuma is hit by Anton Gustafsson and loses puck.
3:15 of 3rd period - Snap shot by Craig Smith.
3:15 of 3rd period - Shot Blocked by Phil Oreskovic.
3:17 of 3rd period - Snap shot by Damien Brunner.
3:17 of 3rd period - Stopped by Antti Raanta with a rebound.
3:29 of 3rd period - Wrist shot by Blake Geoffrion.
3:29 of 3rd period - Stopped by Frederik Andersen without a rebound.
3:30 of 3rd period - Mikael Granlund wins face-off versus Tyler Bozak in Diables zone.
3:59 of 3rd period - Wrist shot by Kellan Lain.
3:59 of 3rd period - Stopped by Antti Raanta without a rebound.
4:00 of 3rd period - Andy Miele wins face-off versus Craig Smith in Carnivores zone.
4:13 of 3rd period - Snap shot by Ryan Keller.
4:13 of 3rd period - Shot Misses the Net.
4:15 of 3rd period - Snap shot by Jeremy Welsh.
4:15 of 3rd period - Shot Misses the Net.
4:25 of 3rd period - Matt Jones is hit by Anton Gustafsson and loses puck.
4:50 of 3rd period - Tyler Bozak is hit by Mikael Granlund.
5:10 of 3rd period - Wrist shot by Andy Miele.
5:10 of 3rd period - Shot Misses the Net.
5:12 of 3rd period - Snap shot by Jeremy Welsh.
5:12 of 3rd period - Goal by Jeremy Welsh - Diables : 1 - Carnivores : 3.
5:13 of 3rd period - Tyler Bozak wins face-off versus Mikael Granlund in neutral zone.
5:16 of 3rd period - Wrist shot by Brandon Prust.
5:16 of 3rd period - Shot Blocked by Mikael Granlund.
5:22 of 3rd period - Slapshot by John Moore.
5:22 of 3rd period - Stopped by Frederik Andersen with a rebound.
5:24 of 3rd period - Slapshot by John Moore.
5:24 of 3rd period - Shot Misses the Net.
5:26 of 3rd period - Wrist shot by Chris Lawrence.
5:26 of 3rd period - Shot Misses the Net.
5:28 of 3rd period - Slapshot by Bryan Berard.
5:28 of 3rd period - Stopped by Frederik Andersen without a rebound.
5:29 of 3rd period - Craig Smith wins face-off versus Andy Miele in Diables zone.
5:35 of 3rd period - Off-side.
5:36 of 3rd period - Craig Smith wins face-off versus Andy Miele in neutral zone.
5:39 of 3rd period - Slapshot by Jared Cowen.
5:39 of 3rd period - Shot Misses the Net.
5:42 of 3rd period - Icing by Ryan Keller.
5:43 of 3rd period - Andy Miele wins face-off versus Tyler Bozak in Carnivores zone.
5:50 of 3rd period - Snap shot by Ryan Keller.
5:50 of 3rd period - Shot Misses the Net.
6:32 of 3rd period - Snap shot by Jeremy Williams.
6:32 of 3rd period - Stopped by Frederik Andersen without a rebound.
6:33 of 3rd period - Kyle Chipchura wins face-off versus Anton Gustafsson in Diables zone.
6:42 of 3rd period - Snap shot by Joffrey Lupul.
6:42 of 3rd period - Shot Misses the Net.
6:44 of 3rd period - Minor Penalty to Taylor Beck for Slashing.
6:45 of 3rd period - Mikael Granlund wins face-off versus Tomas Kubalik in Diables zone.
6:46 of 3rd period - Snap shot by Chris Lawrence.
6:46 of 3rd period - Stopped by Frederik Andersen with a rebound.
6:48 of 3rd period - Snap shot by Chris Lawrence.
6:48 of 3rd period - Shot Hit the Post.
6:50 of 3rd period - Snap shot by Chris Lawrence.
6:50 of 3rd period - Deflect By Blake Geoffrion.
6:50 of 3rd period - Stopped by Frederik Andersen without a rebound.
6:51 of 3rd period - Mikael Granlund wins face-off versus Tomas Kubalik in Diables zone.
6:54 of 3rd period - Snap shot by Chris Lawrence.
6:54 of 3rd period - Stopped by Frederik Andersen without a rebound.
6:55 of 3rd period - Mikael Granlund wins face-off versus Tomas Kubalik in Diables zone.
7:20 of 3rd period - Wrist shot by Ryan Keller.
7:20 of 3rd period - Stopped by Frederik Andersen with a rebound.
8:44 of 3rd period - Penalty to Taylor Beck is over, Taylor Beck is back on ice.
8:55 of 3rd period - Pavel Valentenko is hit by Joffrey Lupul and loses puck.
9:15 of 3rd period - Icing by Lane MacDermid.
9:16 of 3rd period - Zack Smith wins face-off versus Tyler Bozak in Carnivores zone.
9:16 of 3rd period - Zack Smith is hit by Tyler Cuma.
9:28 of 3rd period - Slapshot by Tyler Bozak.
9:28 of 3rd period - Stopped by Antti Raanta with a rebound.
9:58 of 3rd period - Slapshot by Matt Jones.
9:58 of 3rd period - Stopped by Antti Raanta with a rebound.
10:00 of 3rd period - Wrist shot by Tyler Cuma.
10:00 of 3rd period - Shot Misses the Net.
10:08 of 3rd period - Slapshot by Tyler Cuma.
10:08 of 3rd period - Shot Misses the Net.
10:18 of 3rd period - Brandon Prust is hit by Jeremy Welsh and loses puck.
10:23 of 3rd period - Wrist shot by Andy Miele.
10:23 of 3rd period - Goal by Andy Miele - Diables : 1 - Carnivores : 4.
10:24 of 3rd period - Mikael Granlund wins face-off versus Tyler Bozak in neutral zone.
11:17 of 3rd period - 10 Minutes Misconduct Penalty to Brad Richardson is over.
11:24 of 3rd period - Snap shot by Tomas Kubalik.
11:24 of 3rd period - Stopped by Antti Raanta without a rebound.
11:25 of 3rd period - Mikael Granlund wins face-off versus Tyler Bozak in Carnivores zone.
11:46 of 3rd period - Minor Penalty to Brad Richardson for Cross-checking.
11:47 of 3rd period - Mikael Granlund wins face-off versus Tomas Kubalik in Diables zone.
12:02 of 3rd period - Snap shot by Mikael Granlund.
12:02 of 3rd period - Stopped by Frederik Andersen with a rebound.
12:44 of 3rd period - Tyler Cuma is hit by Bobby Sanguinetti and loses puck.
12:56 of 3rd period - Icing by Bobby Sanguinetti.
12:57 of 3rd period - Craig Smith wins face-off versus Mikael Granlund in Carnivores zone.
13:06 of 3rd period - Wrist shot by Craig Smith.
13:06 of 3rd period - Shot Blocked by Phil Oreskovic.
13:08 of 3rd period - Slapshot by Tyler Cuma.
13:08 of 3rd period - Shot Blocked by Chris Lawrence.
13:18 of 3rd period - Jeremy Welsh is hit by Tomas Kubalik and loses puck.
13:46 of 3rd period - Penalty to Brad Richardson is over, Brad Richardson is back on ice.
13:54 of 3rd period - Damien Brunner is hit by Bryan Berard and loses puck.
14:13 of 3rd period - Anton Gustafsson is hit by Pierre-Cédric Labrie and loses puck.
14:28 of 3rd period - Wrist shot by Brendan Gallagher.
14:28 of 3rd period - Shot Misses the Net.
14:30 of 3rd period - Slapshot by Bobby Sanguinetti.
14:30 of 3rd period - Deflect By Tomas Kubalik.
14:30 of 3rd period - Stopped by Frederik Andersen with a rebound.
14:32 of 3rd period - Slapshot by Lane MacDermid.
14:32 of 3rd period - Shot Misses the Net.
15:33 of 3rd period - Snap shot by Tomas Kubalik.
15:33 of 3rd period - Shot Misses the Net.
15:35 of 3rd period - Wrist shot by Pavel Valentenko.
15:35 of 3rd period - Stopped by Antti Raanta with a rebound.
15:37 of 3rd period - Snap shot by Taylor Beck.
15:37 of 3rd period - Stopped by Antti Raanta without a rebound.
15:38 of 3rd period - Chris Lawrence wins face-off versus Craig Smith in Carnivores zone.
15:43 of 3rd period - Slapshot by Bryan Berard.
15:43 of 3rd period - Deflect By Mikael Granlund.
15:43 of 3rd period - Shot Misses the Net.
15:43 of 3rd period - Puck is out of play.
15:44 of 3rd period - Mikael Granlund wins face-off versus Craig Smith in Diables zone.
15:53 of 3rd period - Wrist shot by Damien Brunner.
15:53 of 3rd period - Stopped by Antti Raanta with a rebound.
16:21 of 3rd period - Snap shot by Steve Quailer.
16:21 of 3rd period - Stopped by Antti Raanta without a rebound.
16:22 of 3rd period - Brandon Prust wins face-off versus Mikael Granlund in Carnivores zone.
16:27 of 3rd period - Snap shot by Brad Richardson.
16:27 of 3rd period - Stopped by Antti Raanta without a rebound.
16:28 of 3rd period - Mikael Granlund wins face-off versus Tyler Bozak in Carnivores zone.
16:33 of 3rd period - Snap shot by Tyler Bozak.
16:33 of 3rd period - Shot Hit the Post.
16:39 of 3rd period - Snap shot by Brad Richardson.
16:39 of 3rd period - Shot Misses the Net.
16:41 of 3rd period - Snap shot by Brandon Prust.
16:41 of 3rd period - Shot Misses the Net.
16:43 of 3rd period - Slapshot by Lukas Krajicek.
16:43 of 3rd period - Stopped by Antti Raanta with a rebound.
17:15 of 3rd period - Minor Penalty to Tyler Cuma for Kneeing.
17:16 of 3rd period - Brad Richardson wins face-off versus Mikael Granlund in Diables zone.
17:39 of 3rd period - Icing by Mikael Granlund.
17:40 of 3rd period - Mikael Granlund wins face-off versus Kellan Lain in Carnivores zone.
18:55 of 3rd period - Snap shot by Ryan Keller.
18:55 of 3rd period - Deflect By Jeremy Welsh.
18:55 of 3rd period - Stopped by Frederik Andersen with a rebound.
18:57 of 3rd period - Wrist shot by Jeremy Welsh.
18:57 of 3rd period - Shot Misses the Net.
18:59 of 3rd period - Wrist shot by Ryan Keller.
18:59 of 3rd period - Deflect By Andy Miele.
18:59 of 3rd period - Stopped by Frederik Andersen without a rebound.
19:00 of 3rd period - Andy Miele wins face-off versus Kellan Lain in Diables zone.
19:11 of 3rd period - Slapshot by Ryan Keller.
19:11 of 3rd period - Goal by Ryan Keller - Diables : 1 - Carnivores : 5.
19:12 of 3rd period - Tyler Bozak wins face-off versus Andy Miele in neutral zone.
19:37 of 3rd period - Damien Brunner is hit by Anton Gustafsson.
19:44 of 3rd period - Off-side.
19:45 of 3rd period - Mikael Granlund wins face-off versus Craig Smith in neutral zone.
19:54 of 3rd period - Slapshot by Mikael Granlund.
19:54 of 3rd period - Stopped by Frederik Andersen without a rebound.
19:55 of 3rd period - Craig Smith wins face-off versus Mikael Granlund in Diables zone.
Goals for this period are 0 for Diables vs 4 for Carnivores.
Shots for this period are 12 for Diables vs 17 for Carnivores.